 Dungeon Crawl Stone Soup version 0.30-a0-920-g7493c07aab (webtiles) character file.

Game seed: 9541237891283560066

105 selver the Chopper (level 4, 0/39 HPs)
             Began as a Minotaur Fighter on Mar 22, 2023.
             Slain by Edmund
             ... wielding a +0 dire flail of holy wrath
              (7 damage)
             ... on level 4 of the Dungeon.
             The game lasted 00:03:35 (2505 turns).

selver the Chopper (Minotaur Fighter)               Turns: 2505, Time: 00:03:36

Health: 0/39       AC:  6    Str: 23    XL:     4   Next: 54%
Magic:  3/3        EV:  9    Int:  5    God:
Gold:   224        SH:  4    Dex:  9    Spells: 3/3 levels left

rFire   . . .      SeeInvis .    a - +0 war axe
rCold   . . .      Faith    .    c - +0 buckler
rNeg    . . .      Spirit   .    b - +0 scale mail
rPois   .          Reflect  .    (helmet restricted)
rElec   .          Rampage  .    (no cloak)
rCorr   .                        (no gloves)
Will    .....                    (no boots) Stlth
                                 (no amulet)
HPRegen 0.26/turn                (no ring)
MPRegen 0.08/turn                (no ring)

@: mighty
A: horns 2, retaliatory headbutt
a: no special abilities


You were on level 4 of the Dungeon.
You visited 1 branch of the dungeon, and saw 4 of its levels.

You collected 224 gold pieces.

Inventory:

Hand Weapons
 a - a +0 war axe (weapon)
Armour
 b - a +0 scale mail (worn)
 c - a +0 buckler (worn)
Scrolls
 f - 6 scrolls of identify {unknown}
 g - a scroll of poison {unknown}
 i - a scroll of enchant armour {unknown}
 l - a scroll of enchant weapon {unknown}
 n - 3 scrolls of teleportation {unknown}
Potions
 e - 2 potions of curing {unknown}
 h - a potion of resistance {unknown}
 j - 2 potions of haste {unknown}
 k - 3 potions of heal wounds {unknown}
 m - a potion of attraction {unknown}
 o - a potion of degeneration {unknown}
 p - a potion of brilliance {unknown}


   Skills:
 - Level 3.6 Fighting
 + Level 5.9 Axes
 - Level 3.6 Armour
 - Level 3.6 Shields


You had 3 spell levels left.
You didn't know any spells.
Your spell library was empty.

Dungeon Overview and Level Annotations

Branches:
Dungeon (4/15)
 Temple: D:4-7

Altars:

Annotations:
D:4 Edmund


Innate Abilities, Weirdness & Mutations

You have a pair of horns on your head.
You reflexively headbutt those who attack you in melee.


Message History

a +0 short sword; 5 stones; a kobold corpse
Found a rapier.
p - a fuming clear potion
Found a stone staircase leading up.
An endoplasm comes into view.
The endoplasm quivers.
The endoplasm hits you.
You hit the endoplasm but do no damage. You headbutt the endoplasm.
You kill the endoplasm!
No target in view!
Edmund the Younger comes into view.
He is wielding a +0 dire flail of holy wrath.
Edmund shouts!
You feel very mighty all of a sudden. Edmund hits you but does no damage.
You slash Edmund! You headbutt Edmund!
Edmund is heavily wounded.
Edmund hits you with a +0 dire flail of holy wrath!
You hit Edmund. Your headbutt misses Edmund.
Edmund is severely wounded.
Edmund hits you with a +0 dire flail of holy wrath.
You closely miss Edmund.
Edmund is severely wounded.
Edmund hits you with a +0 dire flail of holy wrath.
You slash Edmund!
Edmund is almost dead.
Edmund hits you with a +0 dire flail of holy wrath!
Edmund says, "A flail is better than a scythe, any day of the week!"
Edmund hits you with a +0 dire flail of holy wrath!
* * * LOW HITPOINT WARNING * * *
You are too injured to fight recklessly!
You closely miss Edmund.
Edmund is almost dead.
Edmund barely misses you.
You completely miss Edmund.
Edmund is almost dead.
Edmund barely misses you.
You hit Edmund but do no damage. Your headbutt misses Edmund.
Edmund is almost dead.
Edmund hits you with a +0 dire flail of holy wrath!
You die...

#.....###.... #..
...#.###.#..... ..
...##.....#.... .#..
#. #......#.... ##
#.#. .# #.#...[.#....
#..#.#. .#.#
#......#.##
..#.#.#.#.#
#.....###..
#...#@..#...#.###.#...
#...#@<.#...##...#....
#...#...#...#....#....
#.#.#.#.# #.....#...#
#.#.#.#.#.#....#.###.
#.#.#.#.#.#...###...#
#...#...#.###.#....#
#...#...##...#..<..#
#...#...#....#....#.
##.#.#.#.)...#...###


You could see Edmund.

Vanquished Creatures
  4 adders
  A worm (D:2)
  2 dart slugs
  4 orcs (D:4)
  A ball python (D:3)
  7 endoplasms
  2 giant cockroaches (D:2)
  4 goblins
  4 hobgoblins
  5 quokkas
  7 bats
  3 frilled lizards
  6 kobolds
  6 rats
56 creatures vanquished.

Vanquished Creatures (others)
  2 plants (D:4)
2 creatures vanquished.

Grand Total: 58 creatures vanquished

Notes
Turn   | Place    | Note
-------+----------+-------------------------------------------
     0 | D:1      | selver the Minotaur Fighter began the quest for the Orb.
     0 | D:1      | Reached XP level 1. HP: 19/19 MP: 0/0
    62 | D:1      | Reached skill level 3 in Axes
    97 | D:1      | Reached XP level 2. HP: 26/26 MP: 1/1
   496 | D:1      | Reached skill level 4 in Axes
   822 | D:2      | Found a faded altar of an unknown god.
   872 | D:2      | Reached XP level 3. HP: 24/31 MP: 2/2
   977 | D:2      | Reached skill level 5 in Axes
  1365 | D:3      | Found the +7 Kryia's mail coat {PotionHeal*2 rC+}
  1562 | D:3      | Reached XP level 4. HP: 29/39 MP: 3/3
  2496 | D:4      | Noticed Edmund
  2505 | D:4      | Slain by Edmund

Illustrated notes

Levels and vault maps discovered:
D:1:      co_arrival_random_square_maze, layout_loops_ring,
          roderic_roman_lattice
D:2:      layout_rooms, hellmonk_ecumenical_altar_crossroads, minmay_hexomino_u4
D:3:      layout_basic, corexii_hall_statues_l
D:4:      nicolae_BIG_FREAKIN_CUBE, layout_rooms, fedhas_altar_decomposition,
          serial_forest, infiniplex_forest_lined_4_way,
          infiniplex_forest_lined_room_, infiniplex_forest_clump_small,
          infiniplex_forest_lined_corner, infiniplex_forest_zigzag_1,
          infiniplex_forest_straight_2, infiniplex_forest_lined_room_,
          infiniplex_forest_straight_4, infiniplex_forest_clump_double,
          infiniplex_forest_zigzag_1, uniq_menkaure, uniq_edmund

Skill      XL: |  1  2  3 |
---------------+----------+-----
Axes           | 3 4 5 |  5.9
Fighting       | |  3.6
Armour         | |  3.6
Shields        | |  3.6

Action                     |  1- 3 |  4- 6 || total
---------------------------+-------+-------++-------
  Melee: War axe           |    74 |    41 ||   115
         Headbutt          |     9 |     4 ||    13
    Use: Potion            |       |     1 ||     1
 Armour: Scale mail        |    35 |    16 ||    51
  Dodge: Dodged            |    30 |    13 ||    43
  Block: Buckler           |    17 |     4 ||    21

Table legend: (Time is in decaauts)
 A = Elapsed time spent in this place.
 B = Non-inter-level travel time spent in this place.
 C = Inter-level travel time spent in this place.
 D = Time resting spent in this place.
 E = Time spent auto-exploring this place.
 F = Levels seen in this place.
 G = Mean time per level.
                   A        B        C        D        E       F      G
               +--------+--------+--------+--------+--------+-----+--------+
         Total |   2539 |   2490 |     49 |    140 |   2014 |   4 |  634.8 |
       Dungeon |   2539 |   2490 |     49 |    140 |   2014 |   4 |  634.8 |
               +--------+--------+--------+--------+--------+-----+--------+

Top non-repeatable levels by time:
     D:3: 1013 daAuts
     D:1: 828 daAuts
     D:2: 515 daAuts
     D:4: 182 daAuts
